AoeStats
← Comend x comend

MegaRandom

506215355Analyzed
3v3 RM · 20d ago on Sep 12, 2026· 44m 5s· 6 players
Game mode
Random Map
Map size
Normal (6 player)
Population
200
Speed
Normal
Resources
Standard
Victory
Conquest
Starting age
Dark Age
Ending age
Imperial Age
RankedLock teamsTeams togetherTeam positionsShared explorationLock speedFull tech treeHidden civsTurbo modeCheats
Victory
Defeat
🇩🇪 Malians · Germany
1344
+12
🇩🇪 Vietnamese · Germany
1244
+16
🇩🇪 Persians · Germany
1234
+17
🇵🇪 Mongols · Peru
1322
-17
🇦🇷 Mongols · Argentina
1230
-14
🇮🇹 Armenians · Italy
1219
-14
ShiceHouse
9:55 Feudal Age
14:29 Castle Age
13:48 Double-Bit Axe
15:23 Fletching
15:34 Padded Archer Armor
18:06 Bodkin Arrow
23:07 Bow Saw
23:18 Loom
26:06 Ballistics
27:54 Bloodlines
31:44 Husbandry
36:00 Caravan
37:34 Stone Mining
37:35 Gold Mining
45:23 Imperial Age
Knastfighter
9:45 Feudal Age
13:48 Castle Age
11:50 Double-Bit Axe
13:05 Horse Collar
20:46 Bow Saw
22:05 Wheelbarrow
21:39 Gold Mining
22:28 Heavy Plow
22:40 Loom
24:25 Stone Mining
27:40 Imperial Age
25:46 Hand Cart
26:10 Scale Barding Armor
26:15 Forging
27:16 Chain Barding Armor
26:59 Husbandry
27:21 Bloodlines
27:41 Fervor
27:24 Town Watch
29:10 Plate Barding Armor
29:44 Gold Shaft Mining
29:00 Stone Mining
28:50 Heavy Camel Rider
29:41 Forging
31:57 Farimba
32:17 Conscription
34:04 Chemistry
33:25 Ballistics
33:16 Masonry
32:46 Treadmill Crane
35:48 Iron Casting
36:07 Caravan
37:02 Padded Archer Armor
36:53 Fletching
38:54 Thumb Ring
39:06 Leather Archer Armor
38:46 Bodkin Arrow
39:00 Elite Skirmisher
40:50 Architecture
40:31 Fortified Wall
40:54 Ring Archer Armor
40:16 Imperial Skirmisher
44:44 Hoardings
[GKM]JonnyBravo
10:47 Feudal Age
14:46 Castle Age
13:09 Double-Bit Axe
16:52 Loom
18:34 Scale Barding Armor
22:09 Horse Collar
22:58 Heavy Plow
24:06 Bloodlines
26:13 Husbandry
26:51 Gold Mining
26:56 Stone Mining
28:05 Chain Barding Armor
31:13 Wheelbarrow
31:34 Gold Shaft Mining
31:11 Bow Saw
32:26 Forging
33:42 Iron Casting
36:46 Imperial Age
36:16 Hand Cart
36:08 Caravan
37:49 Plate Barding Armor
36:52 Cavalier
38:23 Savar
41:02 Crop Rotation
41:05 Conscription
45:04 Blast Furnace
Level
9:50 Feudal Age
13:36 Castle Age
13:21 Double-Bit Axe
16:24 Loom
16:55 Fletching
18:35 Bow Saw
18:44 Horse Collar
20:28 Padded Archer Armor
21:13 Heavy Plow
22:55 Wheelbarrow
23:20 Ballistics
23:39 Bodkin Arrow
24:42 Husbandry
25:31 Gold Mining
25:31 Stone Mining
26:15 Bloodlines
27:27 Leather Archer Armor
28:52 Gold Shaft Mining
28:53 Stone Shaft Mining
28:52 Town Watch
29:46 Masonry
35:04 Imperial Age
36:11 Bracer
36:48 Hand Cart
36:45 Elite Mangudai
39:29 Chemistry
39:17 Conscription
39:25 Thumb Ring
40:24 Murder Holes
43:26 Fervor
GdR_Salinaro
0:30 Loom
9:39 Feudal Age
10:25 Double-Bit Axe
14:11 Wheelbarrow
19:09 Castle Age
17:04 Stone Mining
17:52 Horse Collar
20:40 Heavy Plow
20:53 Bow Saw
21:11 Gold Mining
23:27 Gold Shaft Mining
22:44 Fletching
22:55 Padded Archer Armor
25:52 Town Watch
26:53 Leather Archer Armor
28:14 Bodkin Arrow
33:28 Imperial Age
33:54 Elite Composite Bowman
34:55 Conscription
34:06 Elite Composite Bowman
35:34 Ring Archer Armor
35:28 Ballistics
36:08 Chemistry
35:04 Murder Holes
35:20 Masonry
36:15 Fortified Wall
36:40 Bracer
36:51 Forging
36:41 Scale Mail Armor
37:25 Squires
36:45 Pikeman
37:11 Arson
37:56 Fereters
39:11 Hoardings
38:29 Halberdier
41:45 Chain Mail Armor
42:06 Iron Casting
Comend x comend
8:18 Loom
10:56 Feudal Age
11:52 Double-Bit Axe
17:23 Wheelbarrow
18:29 Town Watch
22:58 Castle Age
22:19 Stone Mining
35:58 Hand Cart
40:28 Imperial Age
38:16 Gold Mining
39:03 Stone Shaft Mining
39:23 Ballistics
39:32 Scale Barding Armor
39:18 Fletching
39:30 Padded Archer Armor
40:28 Gold Shaft Mining
41:30 Chain Barding Armor
41:05 Bodkin Arrow
41:17 Town Patrol
41:48 Fishing Lines
Connection lost

Rejoining the realm…

Still unreachable

The connection could not be restored.

Session expired

The server has moved on; the page needs a fresh start.